Map: 애씨드 플랜트 - 래더

Players

FeaR

  • Race: Protoss Protoss
  • Spawn Location: 11:00

soO - Winner!

  • Race: Zerg Zerg
  • League: Master
  • Spawn Location: 5:00

Event: HomeStory Cup XVII

VOD

Have the link to the VOD?

Description

Time

  • Played on: June 29, 2018, 10:26 a.m.
  • Length: 8:25

All games in this series

Show
View Real Time Build Order
Export as new Build Order

FeaR Protoss 

Build Orders: 1 Gate Expand, Phoenix Opening, Zealot Archon, Archon Drop 

Get SALT Encoding   

  12  0:00  Probe  
  13  0:12  Probe  
  14  0:20  Pylon  
  14  0:24  Probe  
  15  0:34  Probe  
  15  0:38  Gateway  
  16  0:42  Probe  
  16  0:48  Assimilator  
  17  0:52  Probe  
  18  1:04  Probe  
  19  1:16  Probe  
  20  1:25  Nexus  
  20  1:35  Cybernetics Core  
  20  1:38  Probe  
  21  1:43  Assimilator  
  21  1:50  Probe  
  22  1:54  Pylon  
  22  2:02  Probe  
  23  2:10  Probe  
  23  2:12  Adept  
  26  2:17  Stargate  
  26  2:18  Probe  
  27  2:23  Warp Gate  
  27  2:28  Probe  
  27  2:33  Probe  
  29  2:37  Probe  
  29  2:39  Adept  
  29  2:41  Probe  
  32  2:45  Probe  
  32  2:51  Probe  
  34  2:53  Phoenix  
  34  2:55  Probe  
  36  3:03  Probe  
  39  3:07  Probe  
  39  3:11  Gateway  
  40  3:15  Probe, Pylon  
  41  3:20  Assimilator  
  41  3:24  Assimilator  
  41  3:26  Probe  
  42  3:27  Probe  
  43  3:35  Robotics Facility  
  43  3:38  Probe  
  43  3:40  Probe  
  45  3:50  Probe x2  
  45  3:53  Twilight Council  
  47  3:57  Pylon  
  47  3:58  Probe  
  47  4:02  Probe  
  49  4:06  Probe  
  49  4:11  Warp Prism  
  49  4:14  Probe  
  49  4:16  Gateway x2  
  53  4:24  Charge  
  53  4:27  Zealot x2  
  57  4:35  Templar Archives  
  57  4:47  Gateway  
  57  4:48  Gateway  
  57  4:51  Zealot  
  57  4:52  Zealot  
  61  5:04  Pylon  
  61  5:05  Pylon  
  61  5:15  Pylon  
  61  5:20  Probe  
  62  5:22  Probe  
  63  5:32  High Templar x2  
  63  5:33  High Templar  
  63  5:34  High Templar  
  71  5:36  Archon  
  71  5:37  Probe  
  71  5:39  Archon  
  71  5:42  Observer  
  73  5:45  Forge  
  73  5:46  Pylon  
  73  5:47  Pylon  
  73  5:50  Zealot x2, Pylon  
  73  5:55  Nexus  
  73  5:56  Pylon  
  77  5:59  Psionic Storm  
  75  6:14  Gateway  
  75  6:16  Gateway  
  75  6:18  Protoss Ground Weapons Level 1, Zealot x3  
  81  6:20  High Templar x2  
  81  6:21  Sentry  
  81  6:23  Shield Battery  
  85  6:28  Probe  
  85  6:29  Probe  
  87  6:40  Probe  
  87  6:41  High Templar x2  
  87  6:42  Probe  
  93  6:49  Pylon  
  93  6:50  Pylon  
  93  6:52  Probe  
  93  6:53  Pylon  
  94  6:54  Probe  
  94  6:57  Warp Prism  
  97  7:04  Probe, Zealot x3  
  97  7:06  Zealot  
  106  7:09  Probe x2  
  108  7:17  Probe  
  108  7:21  Probe  
  108  7:22  High Templar  
  112  7:23  High Templar  
  112  7:25  Zealot x3  
  112  7:27  Archon, Probe  
  112  7:28  Zealot  
  121  7:44  Zealot  
  121  7:45  Zealot  
  103  7:53  Zealot  
  103  7:54  Zealot x3  
  99  8:01  Archon  
  99  8:03  Zealot x2  
  91  8:09  Probe  
  91  8:11  Zealot x2  
  75  8:22  Robotics Facility  
  75  8:23  Assimilator  
Show
View Real Time Build Order
Export as new Build Order

soO Zerg - Winner!

Build Orders: Hatch First 

Get SALT Encoding   

  12  0:00  Drone  
  13  0:12  Overlord  
  13  0:16  Drone  
  14  0:30  Drone x2  
  14  0:35  Drone  
  17  0:51  Hatchery  
  17  0:54  Drone  
  17  0:57  Drone  
  18  1:07  Extractor  
  17  1:12  Spawning Pool  
  17  1:15  Drone  
  17  1:18  Drone  
  18  1:27  Drone  
  19  1:38  Drone  
  20  1:49  Overlord  
  20  1:58  Queen  
  22  2:02  Queen  
  22  2:03  Zergling x2  
  22  2:05  Drone  
  22  2:07  Metabolic Boost  
  26  2:11  Drone  
  26  2:13  Drone  
  28  2:22  Drone  
  29  2:24  Drone  
  30  2:35  Hatchery  
  30  2:36  Drone  
  30  2:38  Drone  
  31  2:45  Queen  
  31  2:49  Overlord  
  33  2:52  Drone  
  33  2:55  Drone  
  35  3:00  Drone  
  36  3:07  Drone x2  
  36  3:10  Overlord  
  36  3:11  Drone  
  36  3:12  Drone x2  
  41  3:13  Drone  
  41  3:15  Drone  
  41  3:19  Overlord  
  43  3:25  Drone  
  44  3:29  Overlord  
  44  3:30  Queen  
  46  3:38  Drone x2  
  46  3:39  Lair  
  48  3:42  Drone x2  
  48  3:46  Zergling x4  
  48  3:48  Zergling x2  
  53  3:50  Drone  
  53  3:52  Spore Crawler, Drone  
  53  3:55  Spore Crawler  
  53  3:59  Drone x3  
  53  4:01  Drone  
  57  4:04  Zergling x2  
  57  4:08  Drone  
  57  4:09  Extractor  
  58  4:10  Extractor  
  58  4:13  Drone x3  
  58  4:15  Spore Crawler  
  59  4:17  Drone x2  
  59  4:22  Drone x2  
  63  4:27  Overlord  
  63  4:33  Overlord  
  63  4:42  Drone x2  
  63  4:43  Hydralisk Den  
  63  4:45  Drone x3, Extractor x2  
  66  4:46  Overlord  
  66  4:50  Drone x3  
  68  4:56  Drone  
  68  4:58  Zergling x6  
  68  4:59  Spine Crawler  
  70  5:16  Hydralisk x2  
  70  5:17  Hydralisk x6  
  86  5:22  Overlord  
  86  5:24  Overlord, Grooved Spines  
  86  5:28  Hydralisk  
  87  5:30  Overlord  
  87  5:32  Hydralisk  
  89  5:36  Overlord  
  89  5:40  Queen  
  91  5:43  Hydralisk x2  
  91  5:48  Hydralisk x2  
  91  5:49  Zergling x2  
  100  5:50  Zergling x2  
  100  5:53  Hydralisk  
  103  6:04  Hydralisk x4  
  110  6:22  Hydralisk x2  
  110  6:25  Overlord x3  
  114  6:27  Overseer  
  114  6:34  Drone x6  
  114  6:35  Muscular Augments, Drone  
  114  6:37  Overlord  
  121  6:41  Evolution Chamber  
  121  6:43  Overlord  
  121  6:46  Hydralisk x2  
  124  6:47  Overlord  
  123  6:56  Hydralisk x2  
  123  6:57  Zergling x10  
  132  7:02  Lurker Den  
  132  7:03  Drone x4  
  132  7:06  Extractor  
  134  7:13  Drone x3  
  137  7:23  Zergling x4  
  137  7:24  Zergling x6  
  142  7:30  Hatchery  
  142  7:31  Drone x2  
  142  7:32  Hydralisk x3  
  142  7:33  Zergling x2  
  148  7:49  Hydralisk x2  
  148  7:50  Zergling x14  
  139  7:56  Hydralisk x2  
  136  7:59  Hydralisk x2  
  136  8:02  Zergling x2  
  136  8:03  Zergling x6  
Tags
 
Add a new tag
Caveats
  • Supply blocks, unpowered buildings, or Contaminate may cause inaccurate times.
  • Supply counts are checked every 10 seconds.